 Dungeon Crawl Stone Soup version 0.30-a0-989-g0d87f670db (webtiles) character file.

Game seed: 14381809510956037700

44 Maxmaps the Changer (level 3, -1/28 HPs)
             Began as a Draconian Transmuter on Apr 4, 2023.
             Slain by a kobold
             ... wielding a +0 dagger
              (3 damage)
             ... on level 1 of the Dungeon.
             The game lasted 00:01:43 (1017 turns).

Maxmaps the Changer (Draconian Transmuter)          Turns: 1017, Time: 00:01:43

Health: -1/28      AC:  5    Str: 12    XL:     3   Next: 39%
Magic:  5/6        EV: 12    Int: 15    God:
Gold:   39         SH:  0    Dex: 11    Spells: 2/6 levels left

rFire   . . .      SeeInvis .      - Unarmed
rCold   . . .      Faith    .    (no shield)
rNeg    . . .      Spirit   .    (body armour unavailable)
rPois   .          Reflect  .    (helmet currently unavailable)
rElec   .          Rampage  .    (no cloak)
rCorr   .                        (no gloves)
Will    .....                    (boots currently unavailable)
Stlth   +                        (no amulet)
HPRegen 0.24/turn                (no ring)
MPRegen 0.10/turn                (no ring)

@: appendages (expiring), slowed, very slow
A: horns 2, talons 2, AC +5, unfitting armour, cold-blooded
a: End Transformation


You were on level 1 of the Dungeon.
You had temporarily grown beastly horns and talons.
You visited 1 branch of the dungeon, and saw 2 of its levels.

You collected 39 gold pieces.

Inventory:

Scrolls
 b - a scroll of identify {unknown}
 e - 2 scrolls of teleportation {unknown}
 g - a scroll of vulnerability {unknown}
Potions
 a - a potion of lignification
 c - 2 potions of attraction {unknown}
 d - a potion of curing {unknown}
 f - a potion of flight {unknown}


   Skills:
 - Level 1.1 Fighting
 - Level 1.7 Dodging
 - Level 3.0 Unarmed Combat
 - Level 2.0 Spellcasting
 + Level 3.9 Transmutations


You had 2 spell levels left.
You knew the following spells:

 Your Spells              Type           Power      Damage    Failure   Level
a - Beastly Appendage     Tmut           26%        N/A       4%          1
b - Spider Form           Tmut/Pois      7%         N/A       30%         3

Your spell library contained the following spells:

 Spells                   Type           Power      Damage    Failure   Level
 Wereblood                Tmut           13%        N/A       7%          2
 Magic Dart               Conj           4%         1d3       22%         1
 Call Imp                 Summ           1%         N/A       32%         2
 Mephitic Cloud           Conj/Pois/Air  1%         N/A       54%         3
 Ice Form                 Ice/Tmut       7%         N/A       69%         4


Dungeon Overview and Level Annotations

Branches:
Dungeon (2/15)

Altars:


Innate Abilities, Weirdness & Mutations

You have temporarily grown beastly horns and talons.
Your plain brown scales are hard. (AC +5)
You cannot fit into any form of body armour.
You are cold-blooded and may be slowed by cold attacks.


Message History

You feel yourself speed up.
There is a stone staircase leading down here.
You hit the worm. You claw the worm.
You kill the worm!
The endoplasm freezes you.
You are frozen.
You feel yourself slow down. The kobold hits you with a +0 dagger.
Your horns disappear.
Your talons disappear.
The endoplasm closely misses you. The kobold closely misses you.
You see here a worm corpse.
The endoplasm attacks as you move away! The endoplasm closely misses you.
The kobold hits you but does no damage. The endoplasm freezes you.
You are frozen.
* * * LOW HITPOINT WARNING * * *
You feel as though you will be slow longer.
The kobold hits you but does no damage. The endoplasm attacks as you move away!
The endoplasm barely misses you.
The endoplasm hits you but does no damage.
The kobold barely misses you.
Casting: Beastly Appendage (safe; 4% risk of failure)
Confirm with . or Enter, or press ? or * to list all spells.
You grow a pair of large bovine horns.
Your feet morph into talons.
The endoplasm hits you.
* * * LOW HITPOINT WARNING * * *
The kobold misses you. The endoplasm freezes you.
You are frozen.
* * * LOW HITPOINT WARNING * * *
You feel as though you will be slow longer.
There is an open door here.
You hit the endoplasm.
The endoplasm is heavily wounded.
The endoplasm freezes you.
You are frozen.
* * * LOW HITPOINT WARNING * * *
You hit the endoplasm.
You kill the endoplasm!
The kobold hits you with a +0 dagger.
You die...

#.#############
#.##...........
####.##.##########
#>.#.##.#....#....
#†.#.##.#.#†##.#..
#....##.#.#..#.#.#
#....#....####.#.#
#K#...............
####@####...######..#
#......##...+.......#
#......##...##...#.##
#......##.....(......
#......##....#)#)#.##
####'####....#.#.#.#
#.# ####.#.#.#.## #.#
#.#.#.#.#. #.#
#.#.#.#.#.


You could see a kobold.

Vanquished Creatures
  A worm (D:1)
  3 endoplasms (D:1)
  4 giant cockroaches (D:1)
  5 goblins (D:1)
  4 hobgoblins (D:1)
  4 jackals (D:1)
  A kobold (D:1)
  2 quokkas (D:1)
  2 ball pythons (D:1)
  5 bats (D:1)
  A frilled lizard (D:1)
  2 rats (D:1)
34 creatures vanquished.

Notes
Turn   | Place    | Note
-------+----------+-------------------------------------------
     0 | D:1      | Maxmaps the Draconian Transmuter began the quest for the
                  | Orb.
     0 | D:1      | Reached XP level 1. HP: 16/16 MP: 3/3
    47 | D:1      | Reached XP level 2. HP: 18/23 MP: 5/5
   535 | D:1      | Reached XP level 3. HP: 5/28 MP: 4/6
   674 | D:1      | Learned a level 3 spell: Spider Form
   680 | D:1      | Found a faded altar of an unknown god.
  1017 | D:1      | Slain by a kobold

Illustrated notes

Levels and vault maps discovered:
D:1:      minmay_arrival_checkered_box, layout_basic,
          hellmonk_ecumenical_altar_lost_god
D:2:      layout_basic, supply_closet_lemuel, kennysheep_generic_room_7

Skill      XL: |  1  2 |
---------------+-------+-----
Transmutations | 3 |  3.9
Fighting       | |  1.1
Dodging        | |  1.7
Unarmed Combat | |  3.0
Spellcasting   | |  2.0

Action                     || total
---------------------------++-------
  Melee: Unarmed           ||   134
         Tailslap          ||    13
         Kick              ||    11
         Headbutt          ||     7
         Punch             ||     2
   Cast: Beastly Appendage ||    12
   Stab: Sleeping          ||     1
 Armour: Skin              ||    53
  Dodge: Dodged            ||   106

Table legend: (Time is in decaauts)
 A = Elapsed time spent in this place.
 B = Non-inter-level travel time spent in this place.
 C = Inter-level travel time spent in this place.
 D = Time resting spent in this place.
 E = Time spent auto-exploring this place.
 F = Levels seen in this place.
 G = Mean time per level.
                   A        B        C        D        E       F      G
               +--------+--------+--------+--------+--------+-----+--------+
         Total |   1016 |   1003 |     13 |    204 |    530 |   2 |  508.0 |
       Dungeon |   1016 |   1003 |     13 |    204 |    530 |   2 |  508.0 |
               +--------+--------+--------+--------+--------+-----+--------+

Top non-repeatable levels by time:
     D:1: 1000 daAuts
     D:2: 15 daAuts
